Map: Romanticide LE

Players

Has - Winner!

  • Race: Protoss Protoss
  • Spawn Location: 11:00

Rex

  • Race: Zerg Zerg
  • League: Master
  • Spawn Location: 5:00

Event: DreamHack SC2 Masters 2020 Winter

VOD

Have the link to the VOD?

Description

Time

  • Played on: Oct. 25, 2020, 8:42 a.m.
  • Length: 13:57

All games in this series

Show
View Real Time Build Order
Export as new Build Order

Has Protoss - Winner!

Build Orders: Zealot Archon 

Get SALT Encoding   

  12  0:00  Probe  
  13  0:12  Probe  
  14  0:20  Pylon  
  14  0:24  Probe (Chrono Boost)  
  15  0:39  Gateway, Probe (Chrono Boost)  
  16  0:46  Probe (Chrono Boost)  
  17  0:52  Forge  
  17  0:55  Probe  
  18  1:01  Assimilator  
  18  1:08  Probe  
  19  1:20  Probe  
  20  1:28  Pylon  
  20  1:30  Pylon  
  20  1:32  Pylon  
  21  1:44  Cybernetics Core  
  20  1:47  Photon Cannon  
  20  1:49  Pylon  
  20  1:51  Probe  
  21  2:03  Probe  
  21  2:04  Assimilator, Pylon  
  22  2:15  Probe  
  23  2:17  Adept (Chrono Boost)  
  25  2:27  Probe  
  26  2:32  Shield Battery  
  26  2:35  Stargate  
  26  2:39  Probe  
  29  2:45  Warp Gate  
  27  3:00  Nexus  
  27  3:05  Probe  
  27  3:09  Adept  
  27  3:12  Void Ray (Chrono Boost)  
  30  3:24  Probe  
  35  3:30  Pylon  
  35  3:37  Probe  
  36  3:49  Photon Cannon, Probe  
  37  4:00  Pylon  
  37  4:01  Probe  
  38  4:13  Probe  
  39  4:17  Probe  
  39  4:18  Oracle (Chrono Boost)  
  39  4:23  Protoss Ground Weapons Level 1  
  43  4:25  Probe  
  43  4:29  Probe  
  45  4:38  Probe (Chrono Boost)  
  46  4:41  Probe (Chrono Boost)  
  47  4:50  Probe (Chrono Boost)  
  47  4:52  Probe (Chrono Boost)  
  48  4:55  Probe (Chrono Boost)  
  48  4:57  Pylon, Probe (Chrono Boost)  
  50  5:01  Sentry  
  50  5:04  Assimilator, Probe  
  50  5:06  Assimilator  
  53  5:07  Probe  
  53  5:08  Pylon  
  54  5:15  Pylon  
  54  5:16  Probe  
  54  5:20  Probe  
  56  5:28  Probe  
  57  5:32  Probe  
  54  5:37  Twilight Council  
  54  5:40  Probe  
  55  5:45  Gateway  
  55  5:47  Gateway  
  55  5:49  Gateway, Probe  
  56  5:52  Gateway, Adept, Probe  
  59  5:58  Robotics Facility  
  59  6:05  Nexus  
  59  6:09  Charge (Chrono Boost), Pylon  
  59  6:12  Adept  
  59  6:16  Probe  
  62  6:19  Probe  
  62  6:25  Templar Archives  
  63  6:35  Probe x2, Protoss Ground Weapons Level 2 (Chrono Boost)  
  63  6:37  Gateway  
  63  6:39  Gateway  
  65  6:44  Warp Prism (Chrono Boost)  
  65  6:47  Probe  
  64  6:54  Sentry x2  
  68  6:55  Zealot  
  68  7:00  Zealot x2  
  76  7:09  Probe x2  
  76  7:14  Shield Battery  
  78  7:16  Pylon  
  78  7:23  Zealot x4  
  78  7:28  Pylon  
  86  7:36  High Templar x2, Zealot  
  92  7:39  Pylon  
  92  7:40  Archon  
  90  7:45  High Templar x2, Zealot x2  
  90  7:50  Archon  
  98  7:55  Immortal (Chrono Boost)  
  102  7:58  Probe x3  
  105  8:10  Stalker x5  
  115  8:14  Probe x2  
  115  8:18  Probe  
  108  8:20  Assimilator  
  108  8:21  Assimilator  
  108  8:22  Stalker x6  
  120  8:27  Pylon  
  120  8:36  Blink (Chrono Boost)  
  120  8:38  Immortal (Chrono Boost)  
  124  8:56  Protoss Ground Weapons Level 3 (Chrono Boost)  
  124  8:57  Stalker x4, Pylon  
  124  8:58  Pylon  
  124  9:00  Pylon  
  132  9:03  Observer  
  133  9:17  Nexus  
  133  9:37  Stalker x7  
  133  9:38  Immortal (Chrono Boost)  
  146  9:59  Probe x2  
  139  10:01  Stalker x3  
  139  10:02  Stalker x3  
  146  10:23  Stalker  
  146  10:24  Stalker  
  146  10:25  Stalker x3  
  146  10:27  Probe  
  157  10:28  Probe x2  
  157  10:29  Pylon, Probe  
  152  10:39  Stalker x2, Probe  
  103  11:00  Stalker x4  
  103  11:01  Stalker  
  103  11:02  Probe x3  
  103  11:03  Probe  
  109  11:06  Stalker x2  
  113  11:14  Probe  
  113  11:16  Shield Battery  
  113  11:18  Immortal  
  119  11:21  Probe  
  119  11:23  Stalker x4  
  125  11:34  Stalker x3  
  103  11:50  Stalker x4  
  105  12:01  Stalker x3  
  105  12:03  Probe x2  
  105  12:04  Probe x2  
  105  12:06  Pylon  
  115  12:12  Assimilator x2  
  115  12:14  Nexus  
  115  12:15  Pylon  
  115  12:18  Stalker  
  115  12:19  Stalker x3  
  123  12:27  Probe x2  
  125  12:30  Sentry x3  
  125  12:33  Gateway  
  131  12:37  Gateway  
  131  12:39  Gateway  
  131  12:42  Stalker x4  
  139  12:59  Probe x2  
  141  13:07  Stalker x7  
  141  13:12  Probe  
  156  13:13  Probe x2  
  156  13:16  Pylon, Probe  
  156  13:18  Photon Cannon  
  159  13:21  Photon Cannon  
  159  13:22  Shield Battery  
  159  13:24  Probe  
  160  13:33  Probe x4  
Show
View Real Time Build Order
Export as new Build Order

Rex Zerg 

Build Orders: Hatch First 

Get SALT Encoding   

  12  0:00  Drone  
  13  0:12  Overlord  
  13  0:17  Drone  
  14  0:31  Drone x2  
  16  0:48  Hatchery  
  15  0:52  Drone  
  15  0:55  Drone  
  17  0:59  Drone  
  18  1:09  Extractor  
  17  1:14  Spawning Pool  
  17  1:17  Drone  
  17  1:20  Drone  
  18  1:29  Drone  
  19  1:39  Drone  
  20  1:52  Hatchery  
  19  1:55  Drone  
  21  2:08  Hatchery, Spine Crawler  
  19  2:17  Queen  
  19  2:19  Zergling x2  
  22  2:26  Metabolic Boost  
  22  2:32  Overlord  
  23  2:51  Zergling x6  
  23  2:56  Queen  
  27  3:08  Queen  
  29  3:14  Drone x2  
  29  3:15  Drone  
  29  3:16  Drone  
  33  3:25  Drone  
  34  3:29  Drone x4  
  34  3:33  Drone  
  39  3:42  Overlord  
  39  3:45  Spore Crawler  
  39  3:47  Drone x2  
  39  3:56  Drone  
  39  3:59  Drone  
  41  4:06  Drone x5  
  41  4:09  Spore Crawler  
  44  4:19  Zergling x8  
  45  4:35  Drone x5  
  49  4:43  Drone  
  49  4:44  Drone x2  
  50  4:57  Overlord  
  50  4:58  Overlord  
  50  5:08  Roach Warren  
  49  5:15  Queen x2  
  49  5:16  Spore Crawler  
  48  5:22  Drone  
  48  5:25  Drone x4  
  48  5:27  Drone x3  
  53  5:30  Drone  
  53  5:33  Drone  
  54  5:36  Drone  
  54  5:40  Drone x2  
  57  5:44  Drone  
  58  5:56  Lair  
  58  5:57  Queen  
  58  6:01  Zergling x4  
  58  6:02  Zergling x8  
  66  6:07  Overlord  
  66  6:08  Overlord  
  65  6:15  Overlord  
  65  6:24  Overlord  
  66  6:25  Drone x2  
  66  6:27  Extractor, Roach x5  
  66  6:28  Extractor  
  66  6:29  Roach  
  79  6:33  Roach x2  
  80  6:44  Roach x3  
  83  6:47  Roach  
  83  6:48  Roach x3  
  90  7:01  Roach x3  
  96  7:08  Overlord x2  
  96  7:09  Overlord  
  96  7:12  Overseer  
  96  7:14  Overseer  
  96  7:16  Glial Reconstitution  
  96  7:21  Overlord  
  96  7:26  Drone x8  
  96  7:27  Drone  
  105  7:30  Extractor x2  
  105  7:32  Drone  
  105  7:33  Drone  
  104  7:37  Overlord  
  104  7:41  Ravager x3  
  104  7:42  Evolution Chamber  
  104  7:44  Roach x2  
  104  7:49  Zergling x2, Roach  
  111  7:56  Overlord  
  111  7:57  Roach  
  114  7:58  Ravager  
  117  8:05  Roach x2  
  117  8:06  Roach x2  
  118  8:21  Roach x5  
  118  8:24  Overlord  
  128  8:30  Drone x2  
  128  8:31  Drone x3  
  133  8:37  Overlord  
  133  8:42  Overseer  
  133  8:43  Drone x5  
  138  8:49  Overlord  
  138  8:50  Overlord  
  138  8:56  Drone x4  
  138  8:57  Extractor  
  138  9:00  Infestation Pit  
  140  9:04  Drone x4  
  140  9:09  Ravager x6  
  150  9:15  Roach x3  
  156  9:22  Roach  
  156  9:23  Roach x2  
  162  9:24  Overlord  
  162  9:27  Overlord  
  162  9:29  Overlord  
  162  9:36  Overlord x4  
  162  9:48  Roach x8  
  175  9:55  Roach x4  
  170  10:04  Ravager x6  
  176  10:11  Roach x5  
  179  10:21  Roach x6  
  189  10:29  Roach  
  189  10:34  Hatchery  
  177  10:39  Roach x3  
  152  10:47  Roach x5  
  124  10:53  Roach  
  104  10:58  Roach x2  
  104  11:05  Drone x2  
  104  11:08  Drone x2  
  111  11:11  Ravager x3  
  111  11:14  Ravager  
  113  11:19  Roach x5  
  113  11:22  Roach  
  113  11:25  Zergling x2  
  104  11:34  Roach x2  
  94  11:41  Roach  
  94  11:42  Roach  
  94  11:44  Ravager  
  94  11:46  Roach x4  
  104  11:54  Roach  
  88  11:59  Roach x2  
  74  12:04  Roach  
  74  12:09  Ravager x2  
  74  12:11  Roach x2  
  74  12:14  Evolution Chamber  
  79  12:16  Roach x2  
  79  12:17  Zergling x4  
  85  12:24  Roach x2  
  85  12:26  Roach  
  85  12:28  Ravager  
  92  12:39  Roach x3, Zergling x2  
  92  12:41  Ravager x2  
  100  12:49  Drone x4  
  104  12:52  Drone  
  104  12:55  Drone  
  104  12:56  Drone  
  104  12:58  Drone  
  108  13:00  Drone  
  107  13:06  Drone  
  107  13:07  Drone  
  107  13:10  Drone  
  107  13:11  Ravager  
  111  13:18  Drone x4  
  115  13:20  Drone  
  115  13:22  Drone  
  115  13:24  Drone  
  115  13:26  Drone  
  120  13:27  Drone  
  120  13:29  Drone, Extractor  
  120  13:30  Drone  
Tags
 
Add a new tag
Caveats
  • Supply blocks, unpowered buildings, or Contaminate may cause inaccurate times.
  • Supply counts are checked every 10 seconds.